 Dungeon Crawl Stone Soup version 0.17.0-26-gececa24 (webtiles) character file.

65624 DeXoteric the Markscentaur (level 14, -1/127 HPs)
             Began as a Centaur Hunter on Nov 18, 2015.
             Was the Champion of Okawaru.
             Killed from afar by an electric eel (10 damage)
             ... with a bolt of electricity
             ... on level 12 of the Dungeon on Nov 19, 2015.
             The game lasted 01:59:31 (32418 turns).

DeXoteric the Markscentaur (Centaur Hunter)        Turns: 32418, Time: 01:59:32

Health: -1/127     AC: 20    Str: 17      XL:     14   Next: 76%
Magic:  21/21      EV:  4    Int: 12      God:    Okawaru [******]
Gold:   1420       SH:  0    Dex: 10 (13) Spells: 3 memorised, 14 levels left

rFire  . . .     SeeInvis +     a - +2 longbow (flame)
rCold  + . .     Clarity  .     Z - +3 chain mail {rPois}
rNeg   . . .     SustAt   .     (shield currently unavailable)
rPois  +         Gourm    .     N - +0 helmet
rElec  .         Spirit   .     E - +0 cloak
rCorr  .         Warding  .     D - +0 pair of gloves
rMut   .         Stasis   .     S - +0 centaur barding {Stlth+}
MR     +....                    (no amulet)
Stlth  ..........               G - ring of protection from cold
                                i - ring of see invisible

@: very quick, somewhat resistant to hostile enchantments, extremely unstealthy
A: hooves 3, clever 1, deformed body, speed 2, tough skin 3
a: Heroism, Finesse, Renounce Religion


You were on level 12 of the Dungeon.
You worshipped Okawaru.
Okawaru was exalted by your worship.
You were not hungry.

You visited 3 branches of the dungeon, and saw 21 of its levels.
You also visited: Labyrinth and Ossuary.

You collected 1420 gold pieces.

Inventory:

Hand Weapons
 a - a +2 longbow of flaming (weapon)
 b - the +12 Glaive of Prune {chop}
   (You found it in a labyrinth)

   It inflicts extra damage upon your enemies.
Missiles
 o - 140 arrows (quivered)
 Q - 41 poisoned arrows
 R - 49 arrows of frost
Armour
 D - a +0 pair of gloves (worn)
 E - a +0 cloak (worn)
 N - a +0 helmet (worn)
 S - a +0 centaur barding of stealth (worn)
 Z - a +3 chain mail of poison resistance (worn)
Jewellery
 i - a ring of see invisible (left hand)
 G - a ring of protection from cold (right hand)
Wands
 u - a wand of draining (13)
 J - a wand of digging (9)
 L - a wand of disintegration (6)
 W - a wand of draining (11)
Scrolls
 d - a scroll of brand weapon {unknown}
 f - a scroll of torment {unknown}
 h - 3 scrolls of random uselessness
 j - 6 scrolls of remove curse
 k - 4 scrolls of fear
 n - 3 scrolls of magic mapping {unknown}
 p - a scroll of summoning {unknown}
 s - 5 scrolls of enchant weapon
 x - 2 scrolls of noise {unknown}
 y - 3 scrolls of immolation
 z - 3 scrolls of identify
 B - a scroll of acquirement {unknown}
 H - 2 scrolls of enchant armour {unknown}
 I - a scroll of blinking {unknown}
 M - 2 scrolls of recharging {unknown}
 O - 6 scrolls of teleportation
 Y - 2 scrolls of vulnerability {unknown}
Potions
 c - 3 potions of flight
 g - 4 potions of haste
 l - 3 potions of curing
 m - a potion of ambrosia
 q - 3 potions of cure mutation
 t - a potion of invisibility
 w - a potion of heal wounds
 F - 2 potions of brilliance
 P - a potion of poison {unknown}
 T - 2 potions of magic
 V - 2 potions of might
Miscellaneous
 A - a fan of gales
Comestibles
 e - 15 bread rations
 r - 7 meat rations
 v - 3 chunks of flesh


   Skills:
 + Level 12.9 Fighting
 - Level 20.1 Bows
 - Level 5.6 Armour
 - Level 5.7 Dodging
 - Level 0.5 Stealth
 + Level 4.4 Spellcasting
 * Level 5.7 Charms
 - Level 10.1 Invocations


You had 14 spell levels left.
You knew the following spells:

 Your Spells              Type           Power        Failure   Level  Hunger
a - Blink                 Tloc           N/A          100%        2    ##.....
b - Repel Missiles        Chrm/Air       #.....       97%         2    ##.....
c - Regeneration          Chrm/Necr      #.........   100%        3    ###....


Dungeon Overview and Level Annotations

Branches:
Dungeon (12/15)            Temple (1/1) D:6            Lair (8/8) D:11
  Swamp (0/4) Lair:6       Spider (0/4) Lair:6        Slime (0/6) Lair:7
    Orc: D:9-12

Altars:
Ashenzari
Cheibriados
Dithmenos
Elyvilon
Fedhas
Gozag
Kikubaaqudgha
Makhleb
Okawaru
Qazlal
Ru
Sif Muna
Vehumet
Xom
Yredelemnul
Zin
The Shining One

Shops:
D:5 (

Portals:
Ice
Cave: D:12

Annotations:
D:12 Snorg


Innate Abilities, Weirdness & Mutations

You have hooves in place of feet.
Armour fits poorly on your strangely shaped body.
You cover ground very quickly.
You have extremely tough skin (AC +3).
Your mind is acute. (Int +2)


Message History

You feel strangely unstable.
You enter the shallow water.
Moving in this stuff is going to be slow.
Snorg bites you but does no damage. Snorg claws you but does no damage.
Snorg claws you.
* * * LOW HITPOINT WARNING * * *
The jelly quivers.
Your surroundings seem slightly different.
Splash!
You fall into the shallow water.
Moving in this stuff is going to be slow.
Snorg barely misses you. x2
Snorg claws you!
* * * LOW HITPOINT WARNING * * *
The electric eel shoots out a bolt of lightning at you!
The bolt of electricity hits the jelly.
The bolt of electricity misses you.
Found a scale mail.
The electric eel shoots out a bolt of lightning at you!
The bolt of electricity hits you!
You die...
J.# ##.≈≈≈≈≈≈≈≈.≈≈≈≈###.#.
JJ#

# ##≈..E.........}≈#<#.#)
..J
≈≈#≈≈≈.≈$≈≈≈≈≈.;;.≈#.#.#)
≈.≈. ≈≈≈≈≈≈..5≈≈≈≈≈.≈≈.
#.#.#)
≈.≈.≈.≈≈≈≈≈≈≈≈T.J≈≈≈≈≈.≈≈.
#.#.#.
E.≈.≈J≈≈≈≈≈≈≈≈≈..≈≈≈≈≈.≈#
#...##
.≈$≈.≈≈≈≈≈≈≈≈≈..J≈≈≈≈.#
##### ≈
≈.≈.≈≈≈≈≈≈≈≈≈≈.≈≈##≈.# ≈.
.J.≈≈≈≈≈≈≈#≈≈c≈## #.# ≈..
....≈≈≈≈≈##≈.≈≈# .#
#≈≈.#.≈.≈≈≈≈# ##.≈≈≈#
+....<# ≈≈≈# ≈..≈≈..
####### ≈≈≈ ...≈≈.≈[#
≈≈≈..≈.... ≈..≈.≈≈≈.≈
....≈.[....


You could see Snorg, a large slime creature, a water elemental, a jelly, an
electric eel and a white imp.

Vanquished Creatures
  Nessos (Lair:8)
  6 dire elephants (Lair:8)
  A minotaur (Lab)
  Josephine (D:10)
  8 hydras
  An anaconda (Lair:8)
  11 death yaks
  An unseen horror (Lair:1)
  A fire crab (Lair:8)
  2 hill giants
  Pikel (D:7)
  An orc knight (D:12)
  2 griffons (Lair:5)
  2 oklob plants (Lair:7)
  3 ugly things
  A manticore (D:11)
  7 elephants (Lair:8)
  4 black mambas
  Maurice (D:8)
  Joseph (D:10)
  9 spiny frogs
  A gargoyle (D:11)
  12 komodo dragons
  3 fire drakes
  A polar bear (Lair:3)
  Prince Ribbit (D:7)
  A two-headed ogre (D:11)
  5 blink frogs (Lair:8)
  A boulder beetle (Lair:8)
  Sigmund (D:5)
  A trapdoor spider (D:10)
  A shadow (D:8)
  2 spriggans
  3 deep elf magi
  5 wraiths (D:10)
  4 basilisks
  2 steam dragons (D:5)
  12 hippogriffs
  Grum (D:8)
  A wyvern (D:9)
  12 wolves
  Menkaure (D:6)
  Edmund (D:6)
  2 hungry ghosts
  22 water moccasins
  A swamp worm (Lair:6)
  37 yaks
  12 orc warriors
  Duvessa (D:7)
  3 ice beasts
  2 sky beasts
  2 black bears
  14 porcupines
  7 phantoms
  A necrophage (D:8)
  4 spiders (Lair:6)
  17 crocodiles
  A wasp (D:11)
  8 centaurs
  3 ogres
  A big kobold (D:10)
  17 giant frogs
  A wyvern skeleton (D:10)
  A wyvern zombie (D:11)
  10 killer bees
  A water moccasin skeleton (D:5)
  Dowan (D:7)
  A water moccasin zombie (D:5)
  3 wights (D:11)
  5 hounds
  3 giant frog zombies
  2 giant frog skeletons
  A gnoll shaman (D:5)
  2 centaur zombies
  4 crimson imps
  5 jellies
  10 orc priests
  A quasit (D:12)
  11 orc wizards
  3 centaur skeletons
  10 iguanas
  7 hell rats (Lair:4)
  4 worker ants
  Terence (D:3)
  21 sheep
  2 hound zombies
  A hound skeleton (D:9)
  2 worker ant zombies
  17 gnolls
  20 adders
  27 river rats
  4 white imps (D:12)
  2 shadow imps
  An ooze (D:6)
  An adder skeleton (D:3)
  An adder zombie (D:6)
  A worm (D:5)
  3 giant geckos
  58 orcs
  7 giant cockroaches
  9 hobgoblins
  15 jackals
  A ball python (D:3)
  7 bats
  A giant gecko skeleton (D:8)
  A giant gecko zombie (D:8)
  A giant newt (D:3)
  3 goblins
  A jackal skeleton (D:6)
  14 kobolds
  5 quokkas
  A quokka skeleton (D:7)
  A quokka zombie (D:4)
  14 rats
  A rat zombie (D:4)
  2 bushes
  11 fungi
  9 plants
644 creatures vanquished.

Vanquished Creatures (others)
  3 slaves (D:7)
  A worker ant (D:7)
  A worker ant zombie (D:7)
  An orc (D:7)
  A quokka (D:7)
  35 fungi
  31 plants
73 creatures vanquished.

Grand Total: 717 creatures vanquished

Notes
Turn   | Place    | Note
--------------------------------------------------------------
     0 | D:1      | DeXoteric the Centaur Hunter began the quest for the Orb.
     0 | D:1      | Reached XP level 1. HP: 17/17 MP: 1/1
   114 | D:1      | Reached XP level 2. HP: 7/24 MP: 2/2
   435 | D:1      | Reached XP level 3. HP: 29/29 MP: 3/3
   801 | D:1      | Reached skill level 6 in Bows
  1472 | D:2      | Reached XP level 4. HP: 17/37 MP: 4/4
  2586 | D:3      | Reached skill level 7 in Bows
  2692 | D:3      | Reached XP level 5. HP: 42/45 MP: 5/5
  2945 | D:3      | Found a glowing silver altar of Zin.
  3002 | D:3      | Noticed Terence
  3077 | D:3      | Killed Terence
  3612 | D:4      | Reached skill level 8 in Bows
  3613 | D:4      | Noticed a phantom
  3635 | D:4      | Killed a phantom
  3635 | D:4      | Reached XP level 6. HP: 37/52 MP: 6/6
  3784 | D:4      | Noticed a phantom
  3919 | D:4      | Found a sand-covered staircase.
  3927 | Ossuary  | Entered an ossuary
  3937 | D:4      | HP: 2/52 [quokka zombie (1)]
  4312 | D:4      | Reached skill level 9 in Bows
  4338 | D:4      | Killed a phantom
  4338 | D:4      | Reached XP level 7. HP: 39/59 MP: 7/7
  4613 | D:4      | Found a shimmering altar of Xom.
  4765 | D:5      | Entered Level 5 of the Dungeon
  4777 | D:5      | Found a white marble altar of Elyvilon.
  4798 | D:5      | Got a scorched leather armour
  4819 | D:5      | Identified the +1 leather armour of the Hot Ocelot {Int+2 SInv} (You found it on level 5 of the Dungeon)
  5357 | D:5      | Reached skill level 5 in Fighting
  5357 | D:5      | Reached skill level 10 in Bows
  5757 | D:5      | Reached skill level 11 in Bows
  5757 | D:5      | Reached XP level 8. HP: 68/68 MP: 8/8
  5765 | D:5      | Found Zyffith's Antique Weapon Emporium.
  5924 | D:5      | Noticed Sigmund
  5927 | D:5      | Killed Sigmund
  6150 | D:5      | Reached skill level 12 in Bows
  6721 | D:5      | Found a snail-covered altar of Cheibriados.
  6721 | D:5      | Found a basalt altar of Yredelemnul.
  6926 | D:6      | Found a staircase to the Ecumenical Temple.
  6945 | Temple   | Entered the Ecumenical Temple
  6976 | Temple   | Became a worshipper of Warmaster Okawaru
  7239 | D:6      | Noticed Edmund
  7258 | D:6      | Killed Edmund
  7258 | D:6      | Reached skill level 13 in Bows
  7258 | D:6      | Reached XP level 9. HP: 74/78 MP: 9/9
  7338 | D:6      | Noticed Menkaure
  7344 | D:6      | Killed Menkaure
  7345 | D:6      | Reached * piety under Okawaru
  7755 | D:7      | Got a warped spear
  7965 | D:7      | Noticed Pikel
  7998 | D:7      | Killed Pikel
  7998 | D:7      | Reached skill level 14 in Bows
  8156 | D:7      | Found a shadowy altar of Dithmenos.
  8186 | D:7      | Reached ** piety under Okawaru
  8453 | D:7      | Reached skill level 15 in Bows
  8544 | D:7      | Noticed Dowan
  8550 | D:7      | Noticed Duvessa
  8554 | D:7      | Killed Dowan
  8569 | D:7      | Killed Duvessa
  8663 | D:7      | Noticed Prince Ribbit
  8680 | D:7      | Killed Prince Ribbit
  8680 | D:7      | Reached skill level 1 in Invocations
  8680 | D:7      | Reached XP level 10. HP: 68/89 MP: 10/10
  9017 | D:8      | Reached *** piety under Okawaru
  9147 | D:8      | Noticed Maurice
  9164 | D:8      | Killed Maurice
  9453 | D:8      | Noticed Grum
  9489 | D:8      | Killed Grum
  9770 | D:8      | Reached skill level 16 in Bows
 10080 | D:8      | Found an ancient bone altar of Kikubaaqudgha.
 10080 | D:8      | Found a blossoming altar of Fedhas.
 10280 | D:8      | Reached **** piety under Okawaru
 10927 | D:8      | Noticed a purple ugly thing
 10933 | D:8      | Killed a purple ugly thing
 11185 | D:8      | Upgraded the game from 0.17.0-24-gcfadda4 to 0.17.0-26-gececa24
 11247 | D:9      | Received a gift from Okawaru
 11302 | D:9      | Reached skill level 5 in Invocations
 11469 | D:9      | Reached XP level 11. HP: 58/97 MP: 14/14
 11769 | D:9      | Found a deep blue altar of Sif Muna.
 12003 | D:9      | Reached skill level 17 in Bows
 12623 | D:9      | Reached ***** piety under Okawaru
 12778 | D:9      | Received a gift from Okawaru
 12818 | D:10     | Entered Level 10 of the Dungeon
 12920 | D:10     | Noticed Joseph
 12933 | D:10     | Killed Joseph
 13327 | D:10     | Noticed Josephine
 13342 | D:10     | Killed Josephine
 13467 | D:10     | Reached skill level 10 in Fighting
 13636 | D:10     | Received a gift from Okawaru
 13986 | D:10     | Noticed a hill giant
 14029 | D:10     | Killed a hill giant
 14507 | D:11     | Reached skill level 18 in Bows
 14557 | D:11     | Found a staircase to the Lair.
 16046 | D:11     | Noticed a hill giant
 16076 | D:11     | Killed a hill giant
 16076 | D:11     | Reached XP level 12. HP: 108/108 MP: 17/17
 16345 | Lair:1   | Entered Level 1 of the Lair of Beasts
 16975 | Lair:1   | Received a gift from Okawaru
 17077 | Lair:1   | Learned a level 2 spell: Blink
 17080 | Lair:1   | Learned a level 2 spell: Repel Missiles
 17084 | Lair:1   | Learned a level 3 spell: Regeneration
 17101 | Lair:1   | Gained mutation: Your mind is acute. (Int +2) [potion of beneficial mutation]
 17522 | Lair:1   | Reached skill level 19 in Bows
 17773 | Lair:2   | Found a snail-covered altar of Cheibriados.
 17792 | Lair:2   | Noticed a seven-headed hydra
 17800 | Lair:2   | Killed a seven-headed hydra
 17800 | Lair:2   | Reached skill level 1 in Armour
 18979 | Lair:3   | Found a labyrinth entrance.
 19001 | Lab      | Entered a labyrinth
 19144 | Lab      | Noticed a minotaur
 19149 | Lab      | Killed a minotaur
 19149 | Lab      | Reached ****** piety under Okawaru
 19236 | Lair:3   | Received a gift from Okawaru
 19764 | Lair:3   | Got a polished scale mail
 19775 | Lair:3   | Identified the +0 scale mail of an ossuary {Str+3} (You found it on level 3 of the Lair of Beasts)
 20743 | Lair:4   | Received a gift from Okawaru
 20746 | Lair:4   | Got a brightly glowing battleaxe {god gift}
 20767 | Lair:4   | Identified the +7 battleaxe of Reaxuo {venom, Int+2} (Okawaru gifted it to you on level 4 of the Lair of Beasts)
 21026 | Lair:4   | Noticed a five-headed hydra
 21066 | Lair:4   | Killed a five-headed hydra
 21320 | Lair:4   | Noticed a seven-headed hydra
 21348 | Lair:4   | Killed a seven-headed hydra
 21348 | Lair:4   | Reached XP level 13. HP: 116/116 MP: 19/19
 22243 | Lair:5   | Reached skill level 20 in Bows
 22884 | Lair:6   | Found a hole to the Spider Nest.
 23650 | Lair:6   | Found a staircase to the Swamp.
 23939 | Lair:6   | Received a gift from Okawaru
 24938 | Lair:7   | Reached skill level 1 in Charms
 25090 | Lair:7   | Found a staircase to the Slime Pits.
 25202 | Lair:6   | Reached skill level 1 in Spellcasting
 25888 | Lair:7   | Received a gift from Okawaru
 26151 | Lair:7   | Reached skill level 10 in Invocations
 26825 | Lair:8   | Entered Level 8 of the Lair of Beasts
 27741 | Lair:8   | Noticed Nessos
 28197 | Lair:8   | Received a gift from Okawaru
 28219 | Lair:8   | Killed Nessos
 28420 | Lair:8   | Reached XP level 14. HP: 126/126 MP: 21/21
 29200 | Lair:8   | Reached skill level 5 in Armour
 29200 | Lair:8   | Reached skill level 5 in Dodging
 30202 | Lair:8   | Received a gift from Okawaru
 31017 | Lair:8   | Received a gift from Okawaru
 31376 | Lair:8   | Reached skill level 5 in Charms
 32381 | D:12     | Found a frozen archway.
 32406 | D:12     | Noticed Snorg
 32418 | D:12     | Killed from afar by an electric eel

Action                   |  1- 3 |  4- 6 |  7- 9 | 10-12 | 13-15 || total
-------------------------+-------+-------+-------+-------+-------++-------
Melee: Unarmed           |    17 |       |       |       |       ||    17
       Battleaxe         |     8 |     4 |       |   157 |       ||   169
       Shortbow          |     1 |       |       |       |       ||     1
       Mace              |       |     3 |    30 |       |       ||    33
       Dire flail        |       |       |   110 |   193 |       ||   303
       Rapier            |       |       |       |     5 |       ||     5
       Glaive            |       |       |       |    96 |   369 ||   465
 Fire: Shortbow          |    84 |    37 |       |       |       ||   121
       Longbow           |       |   140 |   245 |   410 |   581 ||  1376
Invok: Heroism           |       |       |       |     3 |     2 ||     5
       Finesse           |       |       |       |       |     2 ||     2
Evoke: Wand              |       |       |       |       |     3 ||     3
  Use: Scroll            |       |     1 |     1 |    15 |     7 ||    24
       Potion            |       |       |       |     1 |     1 ||     2
 Stab: Sleeping          |       |       |       |     2 |       ||     2
  Eat: Chunk             |       |     7 |     8 |    32 |    28 ||    75
       Meat ration       |       |       |     1 |       |     1 ||     2
       Pizza             |       |       |       |     1 |       ||     1
